 Dungeon Crawl Stone Soup version 0.17.0-28-g6e173f8 (webtiles) character file.

1099 dohliylev the Covert (level 8, -24/57 HPs)
             Began as a Vampire Assassin on Nov 24, 2015.
             Was a Follower of Dithmenos.
             Annihilated by a hill giant
             ... wielding a +0 giant spiked club
              (29 damage)
             ... on level 9 of the Dungeon.
             The game lasted 00:40:08 (5198 turns).

dohliylev the Covert (Vampire Assassin)             Turns: 5198, Time: 00:40:08

Health: -24/57     AC:  4    Str: 10    XL:     8   Next: 10%
Magic:  7/8        EV: 14    Int: 13    God:    Dithmenos [*.....]
Gold:   240        SH:  0    Dex: 18    Spells: 1 memorised, 5 levels left

rFire  x . .     SeeInvis +     a - +2 dagger
rCold  + . .     Clarity  .     c - +0 robe
rNeg   + . .     SustAt   .     (no shield)
rPois  +         Gourm    .     (no helmet)
rElec  .         Spirit   .     h - +1 cloak
rCorr  .         Warding  .     (no gloves)
rMut   .         Stasis   .     (no boots)
MR     .....                    x - amulet of faith
Stlth  +++++++...               m - ring of poison resistance
                                l - ring of ice

@: lethally poisoned (-24 -> -24), marked, wreathed by umbra, not resistant to
hostile enchantments, extremely stealthy
A: fangs 3, see invisible, unbreathing
a: Bat Form, Renounce Religion


You were on level 9 of the Dungeon.
You worshipped Dithmenos.
Dithmenos was aware of your devotion.
You were not thirsty.

You visited 2 branches of the dungeon, and saw 8 of its levels.

You collected 240 gold pieces.

Inventory:

Hand Weapons
 a - a +2 dagger (weapon)
 b - a +0 blowgun
 e - a +0 dagger of venom
Missiles
 f - 2 curare-tipped needles
 y - 2 poisoned needles
Armour
 c - a +0 robe (worn)
 h - a +1 cloak (worn)
Jewellery
 l - a ring of ice (left hand)
 m - a ring of poison resistance (right hand)
 n - an uncursed amulet of resist corrosion
 w - an uncursed ring of magical power
 x - an amulet of faith (around neck)
 A - an uncursed ring of poison resistance
Scrolls
 q - 2 scrolls of remove curse
 r - 2 scrolls of fog {unknown}
 s - a scroll of noise {unknown}
 t - a scroll of magic mapping {unknown}
 v - a scroll of blinking {unknown}
Potions
 d - 2 potions of mutation {unknown}
 g - 17 potions of blood
 i - 5 potions of curing
 j - a potion of ambrosia
 k - a potion of might
 o - a potion of brilliance {unknown}
 p - a potion of agility {unknown}
 z - a potion of lignification {unknown}
Books
 u - a book of Maledictions

   Spells                             Type                      Level
   a - Corona                         Hexes                        1
   b - Ensorcelled Hibernation        Hexes/Ice                    2
   c - Confuse                        Hexes                        3
   d - Tukima's Dance                 Hexes                        3
   e - Dazzling Spray                 Conjuration/Hexes            3


   Skills:
 + Level 2.4 Fighting
 + Level 3.0 Short Blades
 + Level 3.2 Throwing
 + Level 4.0 Dodging
 * Level 12.6 Stealth


You had 5 spell levels left.
You knew the following spells:

 Your Spells              Type           Power        Failure   Level  Hunger
a - Ensorcelled Hibernat  Hex/Ice        #.....       47%         2    ###....


Dungeon Overview and Level Annotations

Branches:
Dungeon (9/15)             Temple (1/1) D:4             Orc (0/4) D:9
   Lair: D:8-11

Altars:
Ashenzari
Cheibriados
Dithmenos
Elyvilon
Fedhas
Gozag
Kikubaaqudgha
Makhleb
Nemelex Xobeh
Qazlal
Sif Muna
Trog
Vehumet
Xom
Yredelemnul
The Shining One

Shops:
D:4 (

Annotations:
D:4 septik's ghost, amateur GrFi
D:5 Eustachio


Innate Abilities, Weirdness & Mutations

You have razor-sharp teeth.
You have supernaturally acute eyesight.
You can survive without breathing.


Message History

Your ring of poison resistance melds into your body.
You feel sick. The hound closely misses you. The hound completely misses you.
You feel sick.
You can't open doors in your present form.
You feel sick.
Your transformation has ended.
Your +2 dagger unmelds from your body.
Your +1 cloak unmelds from your body.
Your +0 robe unmelds from your body.
Your ring of ice unmelds from your body.
Your ring of poison resistance unmelds from your body.
You feel more attuned to ice. The hound barely misses you.
A hill giant opens the door.
The hound misses you. The hound bites you.
* * * LOW HITPOINT WARNING * * *
You open the door. The hound misses you. The hound misses you.
You feel sick.
The hill giant hits you with a giant spiked club!!
Ouch! That really hurt!
You die...

.# ... .. .. ... #
##'# ##... #..#
##'######### #
###C.........# ####
#.@h...p.....###p..
#.#..........p...##
+..#..........######
####..........# #
#..........# #
#..........#
#........###
##########..## ##
##....###.


You could see a hill giant, a wizard and a hound.

Vanquished Creatures
  Menkaure (D:4)
  An ogre (D:5)
  2 centaurs (D:5)
  A giant frog (D:9)
  A scorpion (D:4)
  A crimson imp (D:5)
  A jelly (D:9)
  An orc priest (D:9)
  3 orc wizards
  4 hounds
  3 worker ants
  9 adders
  8 gnolls
  An ooze (D:3)
  2 worms (D:3)
  A giant gecko (D:1)
  5 orcs
  4 ball pythons
  4 giant cockroaches
  7 goblins
  9 hobgoblins
  12 jackals
  2 quokkas
  5 bats
  7 giant newts
  A jackal skeleton (D:4)
  A jackal zombie (D:5)
  4 kobolds
  A quokka skeleton (D:4)
  5 rats
107 creatures vanquished.

Notes
Turn   | Place    | Note
--------------------------------------------------------------
     0 | D:1      | dohliylev the Vampire Assassin began the quest for the Orb.
     0 | D:1      | Reached XP level 1. HP: 16/16 MP: 1/1
   159 | D:1      | Reached skill level 6 in Stealth
   237 | D:1      | Reached XP level 2. HP: 20/22 MP: 2/2
   853 | D:2      | Reached skill level 7 in Stealth
   891 | D:2      | Reached XP level 3. HP: 20/27 MP: 3/3
   992 | D:2      | Found a shattered altar of Ashenzari.
  1144 | D:2      | Found a shimmering altar of Xom.
  1855 | D:2      | Reached skill level 8 in Stealth
  1855 | D:2      | Reached XP level 4. HP: 30/33 MP: 4/4
  2157 | D:3      | Reached XP level 5. HP: 31/38 MP: 5/5
  2633 | D:3      | Reached skill level 9 in Stealth
  2736 | D:3      | Found a radiant altar of Vehumet.
  2810 | D:4      | Noticed septik's ghost (amateur GrFi)
  3124 | D:4      | Reached XP level 6. HP: 28/44 MP: 6/6
  3198 | D:4      | Found a staircase to the Ecumenical Temple.
  3218 | Temple   | Entered the Ecumenical Temple
  3270 | Temple   | Became a worshipper of Dithmenos the Shadowed
  3418 | D:4      | Found Zafir Ipn's Weapon Shoppe.
  3493 | D:4      | Reached skill level 10 in Stealth
  3507 | D:4      | Noticed Menkaure
  3514 | D:4      | Killed Menkaure
  3767 | D:4      | Reached XP level 7. HP: 46/51 MP: 7/7
  3837 | D:4      | Reached skill level 11 in Stealth
  4292 | D:5      | Entered Level 5 of the Dungeon
  4598 | D:5      | Learned a level 2 spell: Ensorcelled Hibernation
  4637 | D:5      | Reached * piety under Dithmenos
  4637 | D:5      | Reached skill level 12 in Stealth
  4652 | D:5      | Noticed Eustachio
  4825 | D:5      | Found a glowing golden altar of the Shining One.
  5008 | D:5      | You are sucked into a shaft for 3 floors!
  5072 | D:9      | Reached XP level 8. HP: 48/57 MP: 8/8
  5095 | D:9      | Found a staircase to the Orcish Mines.
  5148 | D:9      | Noticed a wizard
  5196 | D:9      | Noticed a hill giant
  5198 | D:9      | Annihilated by a hill giant

Action                   |  1- 3 |  4- 6 |  7- 9 || total
-------------------------+-------+-------+-------++-------
Melee: Dagger            |    51 |   121 |    76 ||   248
 Fire: Blowgun           |    35 |    31 |     9 ||    75
 Abil: End Transformatio |     1 |     1 |     8 ||    10
       Bat Form          |     1 |     1 |     8 ||    10
  Use: Potion            |       |     1 |     2 ||     3
       Scroll            |       |       |     5 ||     5
 Stab: Sleeping          |    16 |    17 |    15 ||    48
       Distracted        |     1 |     3 |     1 ||     5
  Eat: Corpse            |       |       |     3 ||     3
